 Dungeon Crawl Stone Soup version 0.28-a0-845-gfc338a8e3c (webtiles) character file.

Game seed: 16005811005543708342

127 cheechan the Sneak (level 5, 29/36 HPs)
             Began as an Octopode Monk on Nov 12, 2021.
             Quit the game on level 3 of the Dungeon.
             The game lasted 00:13:30 (2695 turns).

cheechan the Sneak (Octopode Monk)                  Turns: 2695, Time: 00:13:30

Health: 29/36      AC:  1    Str: 10    XL:     5   Next: 11%
Magic:  5/5        EV: 11    Int: 14    God:
Gold:   149        SH:  7    Dex: 16    Spells: 4/4 levels left

rFire   . . .      SeeInvis .   a - +1 short sword
rCold   . . .      Faith    .   i - +0 kite shield
rNeg    . . .      Spirit   .   (helmet restricted)
rPois   .          Reflect  .   f - amulet of magic regeneration
rElec   .          Harm     .   (no ring)
rCorr   .          Rampage  .   (no ring)
Will    .....      Rnd*Tele +   (no ring)
Stlth   ++++......              (no ring)
HPRegen 0.12/turn               (no ring)
MPRegen 0.34/turn               (no ring)
                                (no ring)
                                (no ring)

@: no status effects
A: almost no armour, amphibious, 8 rings, camouflage 1, gelatinous body 1,
(nimble swimmer 1), tentacles, clever 1, teleportitis 1, subdued magic 1,
devolution 1
a: no special abilities


You were on level 3 of the Dungeon.
You visited 1 branch of the dungeon, and saw 3 of its levels.

You collected 149 gold pieces.

Inventory:

Hand Weapons
 a - a +1 short sword (weapon)
 g - a +0 hunting sling
Missiles
 c - 17 arrows
 j - 13 poisoned darts (quivered)
Armour
 i - a +0 kite shield (worn)
Jewellery
 f - an amulet of magic regeneration (around mantle)
Wands
 h - a wand of flame (21)
 k - a wand of polymorph (8)
Potions
 b - 2 potions of lignification
 d - a potion of haste
 e - a potion of flight
 m - a potion of ambrosia {unknown}


   Skills:
 + Level 3.6 Fighting
 + Level 3.7 Short Blades
 + Level 3.6 Dodging
 + Level 4.8 Stealth


You had 4 spell levels left.
You didn't know any spells.
Your spell library contained the following spells:

 Spells                   Type           Power      Damage    Failure   Level
 Slow                     Hex            0%         N/A       88%         1
 Confusing Touch          Hex            0%         N/A       99%         3
 Tukima's Dance           Hex            0%         N/A       99%         3
 Passage of Golubria      Tloc           0%         N/A       100%        4
 Yara's Violent Unravell  Hex/Tmut       0%         3d3       100%        5


Dungeon Overview and Level Annotations

Branches:
Dungeon (3/15)

Altars:
Wu Jian


Innate Abilities, Weirdness & Mutations

You cannot wear most types of armour.
You are amphibious.
You can wear up to eight rings at the same time.
Your skin changes colour to match your surroundings (Stealth+).
Your rubbery body absorbs attacks. (AC +1, EV +1)
((You are camouflaged near water. (Stealth+)))
You have tentacles for arms and can constrict up to eight enemies at once.
Your mind is acute. (Int +2)
You are occasionally teleported next to monsters.
Your spells are a little easier to cast, but a little less powerful.
You have hidden genetic defects.


Message History

You constrict the orc priest.
You kill the orc priest!
The orc hits you with a +0 mace.
You have reached level 5!
You feel agile.
You hit the orc. You grab the orc. You squeeze the orc.
You kill the orc!
Found a stone staircase leading down.
You block the orc's attack.
Things that are here:
a +0 club; an orc corpse You hit the orc but do no damage.
You grab the orc. You constrict the orc. The orc hits you with a +0 hand axe.
You block the orc's attack. The orc hits you with a +0 dagger.
The orc closely misses you.
You hit the orc.
The orc is heavily wounded.
You constrict the orc.
You kill the orc!
The orc closely misses you. The orc hits you but does no damage.
Things that are here:
a +0 hand axe; an orc corpse You hit the orc.
You grab the orc.
The orc is severely wounded.
You constrict the orc. You block the orc's attack.
You feel a genetic drift.
Your connection to magic feels subdued.
You hit the orc.
You kill the orc!
You see here a +0 dagger.
Things that are here:
a +0 mace; a +0 leather armour
Things that are here:
a +0 club; an orc corpse
Things that are here:
a +0 hand axe; an orc corpse
There is a stone staircase leading down here.
Found 14 gold pieces.
You now have 149 gold pieces (gained 14).
You open the door.
There is an open door here.
Are you sure you want to abandon this character and quit the game? (Confirm with "yes".)

###########.#
#...........#
#.#########.# #.###
#.# #.#.# #.#
#########.#.## ##.#
).....>...#.. .#.#
)...........#####.#.#
............#...@.#.#
............#.#####.#
#########'###.#.....#
#.#...#.#####
#.#.#.#.# # #.#...#.#
.# #.###.#.#..#
#..........#
#####.#.#.##


There were no monsters in sight!

Vanquished Creatures
  An orc priest (D:3)
  2 adders (D:3)
  A worm (D:3)
  A dart slug (D:2)
  4 orcs (D:3)
  3 endoplasms
  2 giant cockroaches (D:1)
  5 goblins
  7 hobgoblins
  13 jackals
  5 quokkas
  4 ball pythons
  3 bats
  6 frilled lizards
  4 kobolds
  4 rats
65 creatures vanquished.

Vanquished Creatures (others)
  A fungus (D:3)
1 creature vanquished.

Grand Total: 66 creatures vanquished

Notes
Turn   | Place    | Note
-------+----------+-------------------------------------------
     0 | D:1      | cheechan the Octopode Monk began the quest for the Orb.
     0 | D:1      | Reached XP level 1. HP: 16/16 MP: 1/1
    63 | D:1      | Reached XP level 2. HP: 19/21 MP: 2/2
   102 | D:1      | Reached skill level 3 in Stealth
   647 | D:1      | Reached XP level 3. HP: 26/26 MP: 3/3
  1680 | D:2      | Reached XP level 4. HP: 23/31 MP: 4/4
  1990 | D:3      | Found a faded altar of an unknown god.
  1996 | D:3      | Reached skill level 4 in Stealth
  2418 | D:3      | Gained mutation: You have hidden genetic defects. [potion
                  | of mutation]
  2418 | D:3      | Gained mutation: You are occasionally teleported next to
                  | monsters. [potion of mutation]
  2418 | D:3      | Gained mutation: Your mind is acute. (Int +2) [potion of
                  | mutation]
  2526 | D:3      | Found an ornate altar of the Wu Jian Council.
  2608 | D:3      | Reached XP level 5. HP: 22/36 MP: 5/5
  2613 | D:3      | Gained mutation: Your spells are a little easier to cast,
                  | but a little less powerful. [hidden defects]
  2695 | D:3      | Quit the game

Illustrated notes

Levels and vault maps discovered:
D:1:      dpeg_arrival_oval, layout_basic, kennysheep_decorative_pillar
D:2:      layout_basic
D:3:      layout_basic, marbit_many_paths,
          dreamdust_ecumenical_altar_hidden_monk_grotto, serial_curves,
          eino_curves_02, eino_curves_01

Skill      XL: |  1  2  3  4 |
---------------+-------------+-----
Stealth        | 3 4 |  4.8
Fighting       | |  3.6
Short Blades   | |  3.7
Dodging        | |  3.6

Action                   |  1- 3 |  4- 6 || total
-------------------------+-------+-------++-------
Melee: Short sword       |    94 |    40 ||   134
       Constrict         |    27 |    10 ||    37
       Tentacles         |    14 |     5 ||    19
  Use: Scroll            |     5 |     2 ||     7
       Potion            |       |     1 ||     1
 Stab: Sleeping          |    12 |     6 ||    18
Armor: Skin              |     7 |     2 ||     9
Dodge: Dodged            |    60 |    20 ||    80
Block: Kite shield       |       |     3 ||     3

Table legend: (Time is in decaauts)
 A = Elapsed time spent in this place.
 B = Non-inter-level travel time spent in this place.
 C = Inter-level travel time spent in this place.
 D = Time resting spent in this place.
 E = Time spent auto-exploring this place.
 F = Levels seen in this place.
 G = Mean time per level.
                   A        B        C        D        E       F      G
               +--------+--------+--------+--------+--------+-----+--------+
         Total |   2688 |   2688 |      0 |    306 |      0 |   3 |  896.0 |
       Dungeon |   2688 |   2688 |      0 |    306 |      0 |   3 |  896.0 |
               +--------+--------+--------+--------+--------+-----+--------+

Top non-repeatable levels by time:
     D:1: 1141 daAuts
     D:3: 787 daAuts
     D:2: 760 daAuts
